 Dungeon Crawl Stone Soup version 0.18-a0-1764-gf4ddf0b (webtiles) character file.

21 Ratboiler the Chopper (level 2, -1/19 HPs)
             Began as an Octopode Wanderer on Apr 13, 2016.
             Slain by Robin
             ... wielding a +1 trident of freezing
              (3 damage)
             ... on level 2 of the Dungeon.
             The game lasted 00:01:18 (1094 turns).

Ratboiler the Chopper (Octopode Wanderer)           Turns: 1094, Time: 00:01:19

Health: -1/19      AC:  1    Str: 14    XL:     2   Next: 87%
Magic:  3/3        EV: 11    Int: 12    God:
Gold:   26         SH:  0    Dex: 10    Spells: 0 memorised, 3 levels left

rFire  . . .     SeeInvis .     a - +2 hand axe
rCold  . . .     Gourm    .     (no shield)
rNeg   . . .     Faith    .     (helmet restricted)
rPois  .         Spirit   .     h - amulet of dismissal
rElec  .         Dismiss  +     g - ring of wizardry
rCorr  .         Reflect  .     (no ring)
SustAt .         Harm     .     (no ring)
MR     .....                    (no ring)
Stlth  +++.......               (no ring)
                                (no ring)
                                (no ring)
                                (no ring)

@: not resistant to hostile enchantments, fairly stealthy
A: almost no armour, amphibious, 8 rings, constrict 8, camouflage 1, gelatinous
body 1
a: no special abilities


You were on level 2 of the Dungeon.
You were not hungry.

You visited 1 branch of the dungeon, and saw 2 of its levels.

You collected 26 gold pieces.

Inventory:

Hand Weapons
 a - a +2 hand axe (weapon)
 d - a +0 dagger
Jewellery
 g - a ring of wizardry (left tentacle)
 h - an amulet of dismissal (around mantle)
Scrolls
 c - 2 scrolls of teleportation
 e - 3 scrolls of remove curse {unknown}
 i - a scroll of enchant armour {unknown}
 k - a scroll of identify {unknown}
Potions
 j - a potion of curing {unknown}
Books
 b - the Catalogue of Augmentations

   Spells                             Type                      Level
   a - Song of Slaying                Charms                       2
   b - Shroud of Golubria             Charms/Translocation         2
Comestibles
 f - a bread ration


   Skills:
 - Level 2.0 Fighting
 + Level 4.0 Axes
 - Level 2.6 Stealth
 - Level 1.0 Spellcasting
   Level 2.0 Translocations


You had 3 spell levels left.
You didn't know any spells.

Dungeon Overview and Level Annotations

Branches:
Dungeon (2/15)

Altars:

Annotations:
D:2 Robin, Sigmund


Innate Abilities, Weirdness & Mutations

You cannot wear most types of armour.
You are amphibious.
You can wear up to eight rings at the same time.
You can use your tentacles to constrict eight enemies at once.
Your skin changes colour to match your surroundings (Stealth).
Your rubbery body absorbs attacks (AC +1).


Message History

You closely miss the goblin. Your grab misses the goblin.
The goblin hits you with a club.
You are too injured to fight recklessly!
You are too injured to fight recklessly!
You are too injured to fight recklessly!
You barely miss the goblin. Your grab misses the goblin.
The goblin closely misses you.
You hit the goblin but do no damage. Your grab misses the goblin.
The goblin hits you with a club.
You hit the goblin.
You kill the goblin!
Your Axes skill increases to level 4!
You barely miss the goblin. You grab the goblin. You constrict the goblin.
The goblin hits you with a dagger.
You hit the goblin.
You kill the goblin!
Robin hits you from afar with a trident of freezing.
* * * LOW HITPOINT WARNING * * *
Robin freezes you.
You die...

.g. #.# .h... # #g# .###
#.# # #g# #### #.# #..#
#.# #..# #.#
#..###########.#
#......@)g.....#
#.######################
#.# #................
#.# #.##############.
#.######.# .......<##.
#........# ...........
########## ###########


You could see Robin.

Vanquished Creatures
  A dart slug (D:1)
  A giant gecko (D:1)
  3 goblins (D:2)
  3 hobgoblins (D:1)
  A bat (D:1)
  2 giant newts (D:1)
  4 kobolds (D:1)
  3 rats (D:1)
18 creatures vanquished.

Notes
Turn   | Place    | Note
--------------------------------------------------------------
     0 | D:1      | Ratboiler the Octopode Wanderer began the quest for the Orb.
     0 | D:1      | Ratboiler set off with: a +2 hand axe, the Catalogue of Augmentations, a scroll of teleportation, a +0 dagger, a bread ration
     0 | D:1      | Reached XP level 1. HP: 14/14 MP: 2/2
     0 | D:1      | Identified the Catalogue of Augmentations
   346 | D:1      | Reached XP level 2. HP: 14/19 MP: 3/3
  1054 | D:2      | Noticed Robin
  1073 | D:2      | Noticed Sigmund
  1092 | D:2      | Reached skill level 4 in Axes
  1094 | D:2      | Slain by Robin

Vault maps used:
D:1:      elethiomel_arrival_infinity_welcomes_careful_drivers,
          roderic_serpentine_path, hangedman_decor_push
D:2:      ecumenical_altar_2, xom_teletrap_fun, uniq_natasha, uniq_sigmund,
          uniq_crazy_yiuf_cottage, uniq_robin

Skill      XL: |  1  2 |
---------------+-------+-----
Axes           | 4 |  4.0
Fighting       | |  2.0
Stealth        | |  2.6
Spellcasting   | |  1.0
Translocations | |  2.0

Action                   || total
-------------------------++-------
Melee: Hand axe          ||    34
       Constrict         ||    13
       Tentacles         ||     4
 Stab: Sleeping          ||     2
Armor: Skin              ||     3
Dodge: Dodged            ||    17
